 Dungeon Crawl Stone Soup version 0.20-a0-71-g11d6418 (webtiles) character file.

499 KristoblXynda the Slasher (level 6, -1/48 HPs)
             Began as a Draconian Skald on Nov 18, 2016.
             Was a Follower of Dithmenos.
             Killed by nerve-wracking pain
             ... invoked by an orc priest
              (9 damage)
             ... on level 4 of the Dungeon.
             The game lasted 00:06:17 (3668 turns).

KristoblXynda the Slasher (Draconian Skald)         Turns: 3668, Time: 00:06:18

Health: -1/48      AC: 15    Str: 14    XL:     6   Next: 94%
Magic:  18/18      EV: 11    Int: 15    God:    Dithmenos [*.....]
Gold:   219        SH:  9    Dex: 13    Spells: 1 memorised, 8 levels left

rFire  . . .     SeeInvis .     q - +1 long sword (protect)
rCold  . . .     Gourm    .     (armour unavailable)
rNeg   . . .     Faith    .     e - +1 shield
rPois  .         Spirit   .     (helmet restricted)
rElec  .         Reflect  .     (no cloak)
rCorr  .         Harm     .     (no gloves)
MR     .....                    a - +1 pair of boots
Stlth  ++........               (no amulet)
                                g - ring of magical power
                                d - +3 ring of dexterity

@: lethally poisoned (-1 -> -2), protection aura, wreathed by umbra
A: unfitting armour, cold-blooded, AC +6
a: Renounce Religion


You were on level 4 of the Dungeon.
You worshipped Dithmenos.
Dithmenos was aware of your devotion.
You were very full.

You visited 1 branch of the dungeon, and saw 4 of its levels.

You collected 219 gold pieces.

Inventory:

Hand Weapons
 q - a +1 long sword of protection (weapon)
Armour
 a - a +1 pair of boots (worn)
 e - a +1 shield (worn)
Jewellery
 d - a +3 ring of dexterity (left hand)
 g - a ring of magical power (right hand)
Scrolls
 h - 3 scrolls of identify
 p - a scroll of remove curse
Potions
 m - a potion of agility
Books
 b - a book of Battle

   Spells                             Type                      Level
   a - Infusion                       Charms                       1
   b - Shroud of Golubria             Charms/Translocation         2
   c - Song of Slaying                Charms                       2
   d - Spectral Weapon                Hexes/Charms                 3
   e - Regeneration                   Charms/Necromancy            3
Comestibles
 c - 2 bread rations
 f - a slice of pizza
 i - 5 fruits
 l - 2 meat rations


   Skills:
 - Level 2.1 Fighting
 + Level 4.6 Long Blades
 - Level 2.1 Throwing
 - Level 3.2 Dodging
 + Level 2.8 Stealth
 + Level 2.2 Shields
 - Level 2.0 Spellcasting
 - Level 2.6 Charms


You had 8 spell levels left.
You knew the following spells:

 Your Spells              Type           Power        Failure   Level  Hunger
a - Infusion              Chrm           #...         38%         1    #......


Dungeon Overview and Level Annotations

Branches:
Dungeon (4/15)
 Temple: D:4-7

Altars:
Dithmenos
The Shining One

Annotations:
D:4 Sigmund


Innate Abilities, Weirdness & Mutations

Your plain brown scales are hard. (AC +6)
You cannot fit into any form of body armour.
You are cold-blooded and may be slowed by cold attacks.


Message History

The phantom blinks!
The orc priest calls down the wrath of Beogh upon you.
Beogh smites you!
* * * LOW HITPOINT WARNING * * *
Unknown command.
You slash the orc priest!
The orc priest is severely wounded.
The adder bites you but does no damage. The orc barely misses you.
The orc priest barely misses you. The adder barely misses you.
You block the orc's attack.
Your unstable footing causes you to fumble your attack.
You feel sick. The orc barely misses you. You block the adder's attack.
You block the orc priest's attack. The orc hits you but does no damage.
Unknown command.
You barely miss the orc priest.
Your tail-slap misses the orc priest.
The orc priest is severely wounded.
The adder bites you but does no damage.
The orc priest invokes the aid of Beogh against you.
Pain shoots through your body!
You die...

#.# #≈# #≈# #. #≈#
...#. #≈# .. ##.#.
#≈# #. ..... #S#
### #.
.....#####@# ...
#. # #.....oo# #.#
#. #.#....W.o#
##.# #####.
##.#...o...#.##.#
......
#..!.........##.#
......
#.#.#.......####.#
....>. # #
#.......# ##.##
####. #.
#.......###...##
###. #.
##.#######.#...#
#...


You could see a phantom, an orc priest, an adder and 3 orcs.

Vanquished Creatures
  An ogre (D:4)
  The ghost of KristoblXynda the Bolt Thrower, an amateur DsHu (D:3)
  A howler monkey (D:3)
  A hound (D:4)
  2 orc priests (D:4)
  An orc wizard (D:4)
  2 worker ants (D:4)
  5 adders
  An ooze (D:3)
  An adder skeleton (D:4)
  A worm (D:3)
  4 dart slugs
  2 leopard geckos
  6 orcs
  2 ball pythons (D:3)
  6 giant cockroaches
  5 goblins
  9 hobgoblins
  2 jackals (D:1)
  4 kobolds
  5 bats
  5 frilled lizards
  9 rats
76 creatures vanquished.

Notes
Turn   | Place    | Note
-------+----------+-------------------------------------------
     0 | D:1      | KristoblXynda the Draconian Skald began the quest for the Orb.
     0 | D:1      | Reached XP level 1. HP: 17/17 MP: 3/3
   368 | D:1      | Reached XP level 2. HP: 24/24 MP: 5/5
   659 | D:1      | Reached skill level 1 in Throwing
   659 | D:1      | Reached XP level 3. HP: 20/29 MP: 6/6
   896 | D:2      | Found a shadowy altar of Dithmenos.
   919 | D:2      | Became a worshipper of Dithmenos the Shadowed
  1634 | D:3      | Reached skill level 3 in Long Blades
  1715 | D:3      | Reached XP level 4. HP: 33/36 MP: 7/7
  1718 | D:3      | Reached * piety under Dithmenos
  1750 | D:3      | Found a glowing golden altar of the Shining One.
  1950 | D:3      | Noticed KristoblXynda's ghost (amateur DsHu)
  1999 | D:3      | Killed KristoblXynda's ghost
  1999 | D:3      | Reached skill level 1 in Stealth
  1999 | D:3      | Reached XP level 5. HP: 34/41 MP: 8/8
  2370 | D:4      | Reached XP level 6. HP: 39/48 MP: 9/9
  2400 | D:4      | Reached skill level 4 in Long Blades
  2410 | D:4      | Reached skill level 1 in Shields
  2552 | D:4      | Noticed Sigmund
  3668 | D:4      | Killed from afar by an orc priest

Vault maps used:
D:1:      eino_arrival_tree_alley
D:2:      nicolae_dithmenos_shadow_blocks, minmay_liquid_box
D:3:      cheibrodos_helix_gallery, lemuel_crystal_altar, st_stairs_1
D:4:      portal_sewer_entry_d, uniq_sigmund

Skill      XL: |  1  2  3  4  5  6 |
---------------+-------------------+-----
Dodging        | 2 3 |  3.2
Throwing       | 1 2 |  2.1
Long Blades    | 3 4 |  4.6
Stealth        | 1 2 |  2.8
Shields        | 2 |  2.2
Fighting       | |  2.1
Spellcasting   | |  2.0
Charms         | |  2.6

Action                   |  1- 3 |  4- 6 || total
-------------------------+-------+-------++-------
Melee: Falchion          |   104 |       ||   104
       Tailslap          |    11 |    22 ||    33
       Long sword        |     4 |   212 ||   216
  Use: Potion            |       |     5 ||     5
       Scroll            |       |    10 ||    10
 Stab: Sleeping          |     2 |     2 ||     4
  Eat: Chunk             |     2 |     2 ||     4
       Beef jerky        |       |     2 ||     2
       Fruit             |       |     2 ||     2
       Meat ration       |       |     1 ||     1
       Royal jelly       |       |     1 ||     1
Armor: Skin              |    31 |    82 ||   113
Dodge: Dodged            |    92 |   170 ||   262
Block: Shield            |       |    69 ||    69
       Rpst.: Falchion   |    23 |       ||    23
       Long sword        |     4 |    40 ||    44
